 Dungeon Crawl Stone Soup version 0.26.1-2-gb8aa6d0cf2 (webtiles) character file.

Game seed: 15116685482454352018

34650 Johnny the Eclecticist (level 13, -10/78 HPs)
             Began as a Deep Elf Earth Elementalist on Mar 12, 2021.
             Was an Elder of Dithmenos.
             Mangled by a freezing wraith (13 damage)
             ... led by a death knight
             ... on level 14 of the Dungeon.
             The game lasted 00:29:02 (24429 turns).

Johnny the Eclecticist (DEEE)                      Turns: 24429, Time: 00:29:03

Health: -10/78     AC:  6    Str: 11    XL:     13   Next: 43%
Magic:  5/36       EV: 13    Int: 26    God:    Dithmenos [****..]
Gold:   864        SH:  0    Dex: 15    Spells: 34/47 levels left

rFire    . . .     SeeInvis +   r - +4 trident (venom)
rCold    . . .     Faith    .   (no shield)
rNeg     . . .     Spirit   .   J - +2 robe {Will+}
rPois    .         Reflect  .   t - +0 helmet
rElec    .         Harm     .   m - +0 cloak
rCorr    .         Rampage  .   (no gloves)
Will     ++...                  (no boots)
Stlth    +++.......             (no amulet)
HPRegen  0.23/turn              l - +6 ring of strength
MPRegen  0.25/turn              A - ring of see invisible

@: wreathed by umbra
A: no striking features
a: Renounce Religion, Shadow Step


You were on level 14 of the Dungeon.
You worshipped Dithmenos.
Dithmenos was greatly pleased with you.
You visited 2 branches of the dungeon, and saw 15 of its levels.
You also visited: Sewer.

You collected 864 gold pieces.

Inventory:

Hand Weapons
 r - a +4 trident of venom (weapon)
Missiles
 b - 261 stones
 f - 6 throwing nets
Armour
 m - a +0 cloak (worn)
 s - a +0 pair of gloves
 t - a +0 helmet (worn)
 D - a +2 robe of cold resistance
 F - a +1 pair of gloves
 J - a +2 robe of willpower (worn)
Jewellery
 l - a +6 ring of strength (left hand)
 w - an uncursed ring of fire
 A - a ring of see invisible (right hand)
 E - an uncursed amulet of guardian spirit
 G - an uncursed ring of fire
 M - an uncursed ring of resist corrosion
Wands
 g - a wand of flame (25)
 B - a wand of acid (1)
 C - a wand of iceblast (20)
 I - a wand of enslavement (13)
 O - a wand of polymorph (15)
Scrolls
 a - 2 scrolls of fear
 e - 5 scrolls of enchant armour
 h - 5 scrolls of noise
 k - 6 scrolls of teleportation
 q - a scroll of amnesia
 u - 2 scrolls of blinking
 v - 3 scrolls of remove curse
 y - a scroll of magic mapping {unknown}
 L - a scroll of random uselessness {unknown}
 P - a scroll of brand weapon {unknown}
Potions
 c - 6 potions of resistance
 d - 7 potions of curing
 i - 4 potions of mutation
 j - a potion of heal wounds
 n - 3 potions of might
 o - 2 potions of degeneration
 p - 4 potions of brilliance
 x - 2 potions of magic
 z - 2 potions of haste
 K - 2 potions of flight {unknown}
 N - 2 potions of invisibility {unknown}
 Q - a potion of berserk rage {unknown}
 R - a potion of lignification {unknown}
Miscellaneous
 H - a phantom mirror


   Skills:
 + Level 8.1 Fighting
 - Level 2.4 Dodging
 - Level 2.4 Stealth
 * Level 17.7 Spellcasting
 - Level 1.1 Transmutations
 * Level 16.3 Earth Magic


You had 34 spell levels left.
You knew the following spells:

 Your Spells              Type           Power        Failure   Level
a - Sandblast             Erth           100%         0%          1
b - Stone Arrow           Conj/Erth      100%         1%          3
c - Lee's Rapid Deconstr  Erth           41%          1%          5
d - Petrify               Tmut/Erth      62%          1%          4

Your spell library contained the following spells:

 Spells                   Type           Power        Failure   Level
 Corona                   Hex            25%          1%          1
 Shock                    Conj/Air       92%          1%          1
 Summon Small Mammal      Summ           92%          1%          1
 Passwall                 Tmut/Erth      51%          1%          2
 Call Imp                 Summ           23%          3%          2
 Ensorcelled Hibernation  Hex/Ice        46%          3%          2
 Swiftness                Air            23%          3%          2
 Call Canine Familiar     Summ           23%          6%          3
 Confusing Touch          Hex            23%          6%          3
 Dazzling Flash           Conj/Hex       46%          6%          3
 Static Discharge         Conj/Air       23%          6%          3
 Summon Guardian Golem    Hex/Summ       23%          6%          3
 Tukima's Dance           Hex            23%          6%          3
 Airstrike                Air            11%          21%         4
 Summon Ice Beast         Ice/Summ       23%          21%         4
 Summon Lightning Spire   Summ/Air       23%          21%         4
 Lightning Bolt           Conj/Air       11%          50%         5


Dungeon Overview and Level Annotations

Branches:
Dungeon (14/15)            Temple (1/1) D:7            Lair (0/6) D:8
    Orc (0/2) D:11         Vaults (0/5) D:13          Sewer (visited)

Altars:
Ashenzari
Cheibriados
Dithmenos
Elyvilon
Fedhas
Gozag
Hepliaklqana
Kikubaaqudgha
Makhleb
Nemelex Xobeh
Okawaru
Qazlal
Ru
Sif Muna
Trog
Uskayaw
Vehumet
Wu Jian
Xom
Yredelemnul
Zin
The Shining One

Shops:
D:5 }   D:8 }   D:11 [

Annotations:
D:4 1 runed translucent door, Descartes's ghost, novice DEWz


Message History

The freezing wraith barely misses you.
Casting: Stone Arrow (safe; 1% risk of failure)
Confirm with . or Enter, or press ? or * to list all spells.
Aiming: Stone Arrow (safe; 1% risk of failure)
Press: ? - help, Shift-Dir - straight line, f/p - freezing wraith
Aim: a freezing wraith (heavily damaged, umbra, 22% to evade)
The stone arrow hits the freezing wraith.
The freezing wraith is severely damaged.
The freezing wraith hits you. The freezing wraith freezes you!!
The freezing wraith hits you.
Casting: Stone Arrow (safe; 1% risk of failure)
Confirm with . or Enter, or press ? or * to list all spells.
Aiming: Stone Arrow (safe; 1% risk of failure)
Press: ? - help, Shift-Dir - straight line, f/p - freezing wraith
Aim: a freezing wraith (severely damaged, umbra, 22% to evade)
The stone arrow misses the freezing wraith.
The freezing wraith hits you. The freezing wraith freezes you!!
* * * LOW HITPOINT WARNING * * *
The freezing wraith hits you!
You die...

#)# #.# #.# #.## #..#
###+####### ##.#
#.........# #.#
#.#######.# #.#
#.W.#.....# ### #.#
###@#.##### .8.. #.#
#...#...#.# ._... #.#
#.#####.#.#####..^..
#.#
#.#...#..W#8........
#.#
#.#.#.###.p....._...
#.#
#...#.....#8....)...
#.#
####.....#######.....
#.# #...........#
W... #.#
###...........# ..


You could see a freezing wraith.

Vanquished Creatures
  Harold (D:11)
  4 hydras
  Erica (D:10)
  A boulder beetle (D:14)
  4 two-headed ogres
  A queen ant (D:8)
  Urug (D:11)
  Nergalle (D:10)
  Sonja (D:11)
  An unseen horror (D:13)
  5 skeletal warriors (D:12)
  A wizard (D:14)
  Pikel (D:6)
  An ugly thing (D:12)
  A deep elf mage (D:14)
  A centaur zombie (D:12)
  Maurice (D:8)
  2 centaur skeletons
  A gargoyle (D:10)
  A kobold demonologist (D:11)
  6 komodo dragons (D:11)
  A troll (D:10)
  3 slime creatures (D:13)
  A hornet (D:12)
  A wyvern (D:10)
  22 yaks
  A human (D:14)
  A steam dragon (D:14)
  6 wraiths
  3 wargs (D:8)
  21 soldier ants
  A swamp drake (D:11)
  A water moccasin (D:12)
  2 black bears
  8 orc warriors
  A hornet zombie (D:14)
  3 phantoms
  3 sky beasts
  2 ice beasts
  An eye of draining (D:11)
  7 centaurs
  9 ogres
  2 lemures (D:6)
  2 big kobolds
  6 bullfrogs
  A wyvern zombie (D:12)
  A water moccasin zombie (D:11)
  A wyvern skeleton (D:7)
  6 scorpions
  A water moccasin skeleton (D:3)
  12 killer bees
  9 wights
  7 electric eels
  6 jellies
  6 howler monkeys
  2 bullfrog zombies
  2 quasits
  9 hounds
  10 orc priests
  Crazy Yiuf (D:2)
  A gnoll shaman (D:5)
  16 iguanas
  8 orc wizards
  A bullfrog skeleton (D:12)
  Jessica (D:2)
  30 worker ants
  A killer bee zombie (D:7)
  A hound skeleton (D:4)
  A howler monkey zombie (D:11)
  2 worker ant zombies
  Robin (D:2)
  11 gnolls
  A howler monkey skeleton (D:7)
  18 adders
  2 river rats (D:6)
  2 white imps
  4 oozes
  An adder skeleton (D:6)
  An adder zombie (D:9)
  5 worms
  5 dart slugs
  10 leopard geckos
  57 orcs
  5 ball pythons
  6 bats
  9 giant cockroaches
  15 goblins
  10 hobgoblins
  19 jackals
  16 kobolds
  4 quokkas
  21 frilled lizards
  A kobold skeleton (D:4)
  A kobold zombie (D:4)
  2 orc skeletons (D:4)
  An orc zombie (D:4)
  32 rats
  A butterfly (D:7)
542 creatures vanquished.

Vanquished Creatures (collateral kills)
  A centaur (D:12)
1 creature vanquished.

Vanquished Creatures (others)
  37 plants
37 creatures vanquished.

Grand Total: 580 creatures vanquished

Notes
Turn   | Place    | Note
-------+----------+-------------------------------------------
     0 | D:1      | Johnny the Deep Elf Earth Elementalist began the quest for
                  | the Orb.
     0 | D:1      | Reached XP level 1. HP: 10/10 MP: 6/6
     1 | D:1      | Found a runed translucent door.
    11 | D:1      | Noticed a jelly
   532 | D:1      | Reached XP level 2. HP: 8/15 MP: 6/8
  1270 | D:1      | Reached XP level 3. HP: 18/19 MP: 7/10
  1928 | D:2      | Reached skill level 4 in Spellcasting
  2052 | D:2      | Reached XP level 4. HP: 21/24 MP: 7/12
  2260 | D:2      | Noticed Jessica
  2265 | D:2      | Killed Jessica
  2266 | D:2      | Reached skill level 5 in Earth Magic
  2355 | D:2      | Reached XP level 5. HP: 28/28 MP: 10/14
  2359 | D:2      | Learned a level 3 spell: Stone Arrow
  2534 | D:2      | Found a basalt altar of Yredelemnul.
  2792 | D:2      | Noticed Robin
  2821 | D:2      | Killed Robin
  3055 | D:2      | Found a runed translucent door.
  3056 | D:2      | Noticed Crazy Yiuf
  3182 | D:1      | Reached skill level 5 in Spellcasting
  3337 | D:2      | Killed Crazy Yiuf
  3476 | D:3      | Reached XP level 6. HP: 32/32 MP: 13/16
  3591 | D:3      | Found a burning altar of Makhleb.
  4648 | D:4      | Reached skill level 6 in Spellcasting
  4792 | D:4      | Learned a level 5 spell: Lee's Rapid Deconstruction
  4797 | D:4      | Learned a level 4 spell: Petrify
  4836 | D:4      | Found a runed translucent door.
  4843 | D:4      | Found a glowing golden altar of the Shining One.
  4854 | D:4      | Reached XP level 7. HP: 17/36 MP: 15/18
  5277 | D:4      | Noticed Descartes's ghost (novice DEWz)
  5736 | D:4      | Found a bloodstained altar of Trog.
  5737 | D:4      | Noticed a moth of wrath
  5970 | D:5      | Entered Level 5 of the Dungeon
  6214 | D:5      | Reached skill level 7 in Spellcasting
  7192 | D:5      | Reached XP level 8. HP: 23/41 MP: 13/21
  7489 | D:5      | Found a snail-covered altar of Cheibriados.
  7618 | D:5      | Reached skill level 8 in Spellcasting
  7985 | D:5      | Found Tianwiheaq's Gadget Emporium.
  8333 | D:6      | Reached skill level 1 in Fighting
  8374 | D:6      | Found a glowing drain.
  8386 | D:6      | Noticed Pikel
  8393 | Sewer    | Entered a sewer
  8834 | D:6      | Killed Pikel
  8835 | D:6      | Reached skill level 9 in Spellcasting
  8835 | D:6      | Reached skill level 10 in Earth Magic
  9223 | D:6      | Reached XP level 9. HP: 24/49 MP: 9/24
  9511 | D:6      | Found a hazy altar of Hepliaklqana.
  9918 | D:7      | Reached skill level 10 in Spellcasting
 10679 | D:7      | Reached skill level 11 in Spellcasting
 11175 | D:7      | Found a staircase to the Ecumenical Temple.
 11618 | D:8      | Reached XP level 10. HP: 56/56 MP: 1/27
 11818 | D:8      | Reached skill level 12 in Spellcasting
 11931 | D:8      | HP: 2/57 [poisoned by a soldier ant]
 11939 | D:8      | HP: 2/57 [poisoned by a soldier ant]
 12691 | D:9      | Noticed an eight-headed hydra
 12694 | D:9      | Killed an eight-headed hydra
 12903 | D:9      | Found an ancient bone altar of Kikubaaqudgha.
 12903 | D:9      | Found a stormy altar of Qazlal.
 13402 | D:8      | Noticed Maurice
 13407 | D:8      | Killed Maurice
 13408 | D:8      | Reached skill level 13 in Spellcasting
 13425 | D:8      | Reached skill level 5 in Fighting
 13443 | D:8      | Noticed a two-headed ogre
 13453 | D:8      | Killed a two-headed ogre
 13454 | D:8      | Reached XP level 11. HP: 24/64 MP: 5/30
 13839 | Temple   | Entered the Ecumenical Temple
 14087 | Temple   | Became a worshipper of Dithmenos the Shadowed
 15162 | D:8      | Noticed a queen ant
 15178 | D:8      | Killed a queen ant
 15179 | D:8      | Reached skill level 14 in Spellcasting
 15433 | D:8      | Reached * piety under Dithmenos
 15524 | D:8      | Found a staircase to the Lair.
 15557 | D:8      | Found Kovent's Gadget Shop.
 16240 | D:10     | Entered Level 10 of the Dungeon
 16240 | D:10     | Noticed Nergalle
 16247 | D:10     | Killed Nergalle
 17647 | D:10     | Noticed Erica
 17651 | D:10     | Killed Erica
 17652 | D:10     | Reached skill level 15 in Spellcasting
 17901 | D:10     | Reached ** piety under Dithmenos
 17918 | D:10     | Reached XP level 12. HP: 64/71 MP: 10/33
 18463 | D:11     | Found a staircase to the Orcish Mines.
 18464 | D:11     | Found Diacwel's Armour Shop.
 18893 | D:11     | Noticed a five-headed hydra
 18901 | D:11     | Killed a five-headed hydra
 18967 | D:11     | Noticed Urug
 19403 | D:11     | Noticed Harold
 19408 | D:11     | Killed Harold
 19630 | D:11     | Reached *** piety under Dithmenos
 19994 | D:11     | Noticed Sonja
 19997 | D:11     | Killed Sonja
 19998 | D:11     | Reached skill level 16 in Spellcasting
 20146 | D:11     | Killed Urug
 20147 | D:11     | Reached skill level 15 in Earth Magic
 20957 | D:12     | Noticed a two-headed ogre
 20963 | D:12     | Killed a two-headed ogre
 21067 | D:12     | Noticed a four-headed hydra
 21073 | D:12     | Killed a four-headed hydra
 21193 | D:12     | Noticed a four-headed hydra
 21218 | D:12     | Killed a four-headed hydra
 21219 | D:12     | Reached **** piety under Dithmenos
 21898 | D:12     | Noticed a two-headed ogre
 21908 | D:12     | Killed a two-headed ogre
 22027 | D:12     | Reached skill level 17 in Spellcasting
 22193 | D:12     | Noticed a two-headed ogre
 22198 | D:12     | Killed a two-headed ogre
 22199 | D:12     | Reached XP level 13. HP: 77/77 MP: 26/36
 23504 | D:13     | Found a gate to the Vaults.
 24392 | D:14     | Found an opulent altar of Gozag.
 24394 | D:14     | Found a shimmering altar of Xom.
 24394 | D:14     | Found an ancient bone altar of Kikubaaqudgha.
 24429 | D:14     | HP: 3/78 [freezing wraith[a death knight] (21)]
 24429 | D:14     | Mangled by a freezing wraith

Illustrated notes

Levels and vault maps discovered:
D:1:      dpeg_arrival_caged_fury, layout_basic
D:2:      layout_rooms, yredelemnul_altar_generic, grunt_ministairs_1,
          minmay_misc_feat_rugged, kennysheep_boxes, uniq_crazy_yiuf_cottage,
          uniq_jessica, uniq_robin
D:3:      layout_loops_ring, bloody_makhleb
D:4:      layout_layer_cave, tgw_trog, ebering_ghost_sewer_d,
          nicolae_tso_besieged_by_evil
D:5:      cheibrodos_two_vegetables, layout_loops_ring, slow_altar_1,
          serial_shops, shop_statue, chequers_serial_rivers_room_b
D:6:      layout_basic, nzn_hepliaklqana_mist_gate, portal_sewer_entry_a,
          uniq_pikel
D:7:      layout_loops_ring, minmay_temple_entry_butterflies
D:8:      layout_basic, erik_lair_orcish_takeover, serial_shops,
          kennysheep_mini, serial_bayou_lagoon_a, minivault_29, uniq_maurice
D:9:      layout_long_grid, gammafunk_temple_overflow_statue
D:10:     layout_loops_corners, lemuel_flame_loot_1, uniq_nergalle, uniq_erica
D:11:     lemuel_reptile_caves, layout_stronghold, orc_david_3, enter_bailey_4,
          minmay_joined_circles, uniq_sonja, uniq_urug, uniq_harold
D:12:     layout_gridville, minmay_fractal_squares_gapless_5
D:13:     layout_big_octagon, david_vaults_3
D:14:     layout_roguey, chequers_hall_statues_wall_a, serial_shops,
          kennysheep_mini_moat, doesnt_xom_only_xom
Temple:   eino_temple_rhombus

Skill      XL: |  1  2  3  4  5  6  7  8  9 10 11 12 13 |
---------------+----------------------------------------+-----
Earth Magic    | 4 5 6 7 9 10 11 12 14 15 16 | 16.3
Spellcasting   | 4 5 6 7 9 11 13 15 17 | 17.7
Fighting       | 2 3 5 6 7 8 |  8.1
Dodging        | |  2.4
Stealth        | |  2.4
Transmutations | |  1.1

Action                   |  1- 3 |  4- 6 |  7- 9 | 10-12 | 13-15 || total
-------------------------+-------+-------+-------+-------+-------++-------
Melee: Unarmed           |    39 |       |       |       |       ||    39
       Dagger            |    15 |    19 |       |       |       ||    34
       Trident           |       |   154 |   212 |   279 |     5 ||   650
 Cast: Sandblast         |    54 |    58 |    54 |    70 |     2 ||   238
       Stone Arrow       |       |       |    41 |   114 |    47 ||   202
       Lee's Rapid Decon |       |       |    14 |   103 |    27 ||   144
       Petrify           |       |       |     1 |    14 |     1 ||    16
Evoke: Wand              |       |       |     4 |    10 |       ||    14
  Use: Potion            |       |     1 |       |     3 |     1 ||     5
       Scroll            |       |       |    13 |    11 |     2 ||    26
 Stab: Sleeping          |     4 |     9 |    14 |     7 |     1 ||    35
       Distracted        |       |       |     1 |     4 |       ||     5
Armor: Robe              |     8 |     1 |       |    78 |       ||    87
       Leather armour    |       |    67 |    88 |     4 |       ||   159
Dodge: Dodged            |    59 |   135 |   134 |   303 |    26 ||   657
